[Event "December 19 Early 2023"]
[Site "https://www.chess.com"]
[Date "2023.12.19"]
[Round "4"]
[White "Vakhlamov, Igor L."]
[Black "Novoselov, Roman"]
[Result "1/2-1/2"]
[Board "59"]
[TimeControl "180+1"]
[WhiteFideId "24126748"]
[BlackFideId "4135067"]
[WhiteElo "2407"]
[BlackElo "2250"]
[WhiteTeam "RUS"]
[BlackTeam "RUS"]
[WhiteClock "0:00:24"]
[BlackClock "0:00:19"]

1. e4 e6 2. d4 d5 3. Nc3 Nf6 4. Bd3 dxe4 5. Nxe4 Nbd7 6. Nf3 Be7 7. Qe2 Nxe4 8. Qxe4 Nf6 9. Qe2 c5 10. dxc5 Bxc5 11. O-O O-O 12. Bg5 Be7 13. Rad1 Qc7 14. Rfe1 Bd7 15. Ne5 Rad8 16. c3 Bc6 17. Nxc6 Qxc6 18. h3 h6 19. Bh4 Qa4 20. Bxf6 Bxf6 21. Be4 Qxa2 22. Ra1 Qb3 23. Rxa7 Rd7 24. g3 Rfd8 25. Qf3 Qxb2 26. Rxb7 Rxb7 27. Bxb7 Qxc3 28. Qxc3 Bxc3 29. Re2 g5 30. Kg2 Kg7 31. Rc2 Bd4 32. Rd2 Kf6 33. Bf3 Bb6 34. Rxd8 1/2-1/2

[Event "December 19 Early 2023"]
[Site "https://www.chess.com"]
[Date "2023.12.19"]
[Round "4"]
[White "Hong, Andrew"]
[Black "Aswath, S"]
[Result "1-0"]
[Board "60"]
[TimeControl "180+1"]
[WhiteFideId "2099438"]
[BlackFideId "46694919"]
[WhiteElo "2460"]
[BlackElo "2138"]
[WhiteTeam "USA"]
[BlackTeam "IND"]
[WhiteClock "0:00:18"]
[BlackClock "0:00:00"]

1. d4 d5 2. Bf4 Nf6 3. e3 c5 4. dxc5 Nc6 5. Bb5 e6 6. b4 a5 7. c3 Bd7 8. Nf3 axb4 9. Bxc6 Bxc6 10. cxb4 b6 11. O-O bxc5 12. bxc5 Bb5 13. Re1 Bxc5 14. Nc3 Ba6 15. Bg5 O-O 16. e4 Qb6 17. Bh4 Nxe4 18. Nxe4 dxe4 19. Rxe4 f6 20. Qd7 Rfd8 21. Qxe6+ Qxe6 22. Rxe6 Bc8 23. Ree1 Bf5 24. a4 h5 25. Bg3 g5 26. a5 Bb4 27. Bc7 Rdc8 28. Rec1 1-0

[Event "December 19 Early 2023"]
[Site "https://www.chess.com"]
[Date "2023.12.19"]
[Round "4"]
[White "Spata, German"]
[Black "Klimkowski, Jan"]
[Result "0-1"]
[Board "61"]
[TimeControl "180+1"]
[WhiteFideId "113026"]
[BlackFideId "21856222"]
[WhiteElo "2260"]
[BlackElo "2324"]
[WhiteTeam "ARG"]
[BlackTeam "POL"]
[WhiteClock "0:00:01"]
[BlackClock "0:01:42"]

1. Nf3 Nf6 2. g3 d5 3. Bg2 Bf5 4. O-O e6 5. d3 h6 6. c4 c6 7. Qb3 Qb6 8. Be3 Qxb3 9. axb3 a6 10. Nc3 Nbd7 11. d4 Bd6 12. c5 Bc7 13. b4 O-O 14. Bf4 Bxf4 15. gxf4 Ne4 16. e3 f6 17. Nxe4 Bxe4 18. Nd2 Bxg2 19. Kxg2 g5 20. fxg5 hxg5 21. h4 gxh4 22. Rh1 Rf7 23. Rxh4 Rg7+ 24. Kf3 Kf7 25. Rah1 Rag8 26. Rh7 e5 27. Ke2 exd4 28. exd4 Nf8 29. Rxg7+ Rxg7 30. Nf3 Ne6 31. Ke3 Kg8 32. Rg1 Rxg1 33. Nxg1 Kf7 34. Ne2 Ng7 35. Kf4 Kg6 36. Ng3 Ne6+ 37. Ke3 Kg5 38. Ne2 f5 39. Kf3 f4 40. Kg2 Ng7 41. Kf3 Nf5 42. Kg2 Nh4+ 43. Kh3 Nf3 44. Kg2 Kg4 45. Kf1 Kf5 46. Kg2 Ne1+ 47. Kf1 Nd3 48. b5 axb5 49. b3 f3 50. Ng1 Kg4 0-1

[Event "December 19 Early 2023"]
[Site "https://www.chess.com"]
[Date "2023.12.19"]
[Round "4"]
[White "Dragun, Kamil"]
[Black "Bettalli, Francesco"]
[Result "1-0"]
[Board "62"]
[TimeControl "180+1"]
[WhiteFideId "1134167"]
[BlackFideId "2816453"]
[WhiteElo "2551"]
[BlackElo "2226"]
[WhiteTeam "POL"]
[BlackTeam "ITA"]
[WhiteClock "0:00:06"]
[BlackClock "0:00:00"]

1. d4 Nf6 2. c4 c5 3. d5 a6 4. a4 d6 5. Nc3 g6 6. Nf3 e5 7. e4 a5 8. Bd3 Bg7 9. Nb5 Na6 10. Bg5 h6 11. Bh4 g5 12. Bg3 Qe7 13. O-O Bg4 14. Ra3 O-O-O 15. Bb1 Nb4 16. Qc1 Nh5 17. h3 Bxf3 18. Rxf3 Nf4 19. Qd1 h5 20. Rb3 Bf6 21. Bh2 g4 22. hxg4 Rdg8 23. Bxf4 exf4 24. gxh5 Be5 25. Rh3 Qg5 26. Qf3 Rg7 27. Kh1 Kd7 28. g3 Rgh7 29. g4 Rg7 30. Rg1 Bxb2 31. e5 Bxe5 32. Bf5+ Ke7 33. Rg2 Kf6 34. Qe4 Ke7 35. h6 Rxh6 36. Rxh6 Qxh6+ 37. Rh2 Qg5 38. Kg2 f3+ 39. Kxf3 Qc1 40. Rh3 Qf1 41. Rh6 Qd1+ 42. Kg2 f6 43. Rh8 Na6 44. Ra8 Kf7 45. Ra7 Kg8 46. Be6+ Kf8 47. Ra8+ Ke7 48. Qf5 1-0

[Event "December 19 Early 2023"]
[Site "https://www.chess.com"]
[Date "2023.12.19"]
[Round "4"]
[White "TitarovVasiliYouTube"]
[Black "Suyarov, Mukhammadzokhid"]
[Result "0-1"]
[Board "63"]
[TimeControl "180+1"]
[BlackFideId "14210495"]
[WhiteElo "2584"]
[BlackElo "2449"]
[BlackTeam "UZB"]
[WhiteClock "0:00:00"]
[BlackClock "0:00:16"]

1. e4 e5 2. Nf3 Nc6 3. Bb5 a6 4. Ba4 Nf6 5. O-O b5 6. Bb3 Bc5 7. d3 d6 8. c3 h6 9. a4 Rb8 10. Re1 O-O 11. Nbd2 Re8 12. Nf1 Bb6 13. Ng3 Na5 14. Bc2 c5 15. axb5 axb5 16. d4 cxd4 17. cxd4 Nc6 18. d5 Nd4 19. Be3 Bg4 20. Bd3 Qd7 21. Be2 Nxe2+ 22. Qxe2 Bxe3 23. Qxe3 Rec8 24. h3 Bxf3 25. Qxf3 Rc2 26. Nf5 Kh7 27. Ra6 Ne8 28. b3 Rbc8 29. Rea1 R8c3 30. Ne3 Rb2 31. Ra7 Rc7 32. Rxc7 Qxc7 33. Nf5 g6 34. Ng3 Kg7 35. Nf1 Qc2 36. Ra8 Nf6 37. Ra6 Nxe4 38. Ra7 Qxf2+ 39. Qxf2 Nxf2 40. Rb7 Ne4 41. Rxb5 Nc3 42. Rb6 Nxd5 43. Rxd6 Nf4 44. Ne3 Rxb3 45. Ng4 Rb5 46. Rd7 h5 47. Ne3 e4 48. Re7 Rb4 49. Kh2 Kf6 50. Re8 Rd4 51. h4 Rd3 0-1

[Event "December 19 Early 2023"]
[Site "https://www.chess.com"]
[Date "2023.12.19"]
[Round "4"]
[White "IM_ArthurDW08"]
[Black "Belov, Alexei"]
[Result "1-0"]
[Board "64"]
[TimeControl "180+1"]
[BlackFideId "4128206"]
[WhiteElo "2762"]
[BlackElo "2580"]
[BlackTeam "RUS"]
[WhiteClock "0:01:12"]
[BlackClock "0:00:17"]

1. e4 e6 2. d4 d5 3. Nc3 Nf6 4. Bg5 dxe4 5. Nxe4 Be7 6. Bxf6 Bxf6 7. Nf3 O-O 8. Qd2 b6 9. O-O-O Bb7 10. Bd3 Nd7 11. g4 Be7 12. Kb1 c5 13. g5 cxd4 14. Nxd4 Nc5 15. Qe3 Nxd3 16. Rxd3 Qd5 17. f3 Qe5 18. h4 Rfd8 19. Rhd1 Rd5 20. f4 Qc7 21. Nc3 Rdd8 22. Nxe6 fxe6 23. Qxe6+ Kh8 24. Rd7 Rxd7 25. Rxd7 Qxf4 26. Qxe7 Rg8 27. b3 Bc6 28. Rd8 Qxh4 29. Rxg8+ Kxg8 30. Qd8+ 1-0

[Event "December 19 Early 2023"]
[Site "https://www.chess.com"]
[Date "2023.12.19"]
[Round "4"]
[White "Loutragotis, Dimitrios"]
[Black "Postny, Evgeny"]
[Result "0-1"]
[Board "65"]
[TimeControl "180+1"]
[WhiteFideId "4268458"]
[BlackFideId "2804344"]
[WhiteElo "2151"]
[BlackElo "2505"]
[WhiteTeam "GRE"]
[BlackTeam "ISR"]
[WhiteClock "0:00:06"]
[BlackClock "0:00:04"]

1. e4 c5 2. Nf3 Nc6 3. d4 cxd4 4. Nxd4 Nf6 5. Nc3 Rb8 6. Bc4 e6 7. Bb3 d6 8. O-O Be7 9. Be3 a6 10. f4 Qc7 11. f5 Nxd4 12. Qxd4 O-O 13. fxe6 fxe6 14. Kh1 b5 15. Rad1 Kh8 16. a3 Bd7 17. Ne2 Ng4 18. Bg1 Rxf1 19. Rxf1 Bf6 20. Qd3 Bxb2 21. Nf4 Be5 22. Nxe6 Bxe6 23. Bxe6 Nf6 24. Bb3 Rc8 25. a4 Qc6 26. axb5 axb5 27. Bd5 Nxd5 28. exd5 Qc4 29. Qxc4 bxc4 30. Rb1 h6 31. g3 Ra8 32. Kg2 Ra2 33. Rc1 Kh7 34. Kf3 Bb2 35. Rd1 Bf6 36. Rd2 c3 37. Re2 Ra5 38. Ke4 Kg6 39. Re3 Ra4+ 40. Kf3 Rc4 41. Rd3 h5 42. h4 Kf5 43. Be3 Ra4 44. Bf4 Ra2 45. Bxd6 Rxc2 46. Bb4 Rb2 47. Bxc3 Rb3 48. d6 Rxc3 49. Rxc3 Bxc3 50. d7 Bf6 51. Ke3 Kg4 52. Kf2 Bd8 53. Kg2 Bc7 54. Kf1 Kxg3 55. Ke2 Bd8 56. Kd3 Kxh4 57. Ke4 Kg5 58. Kd5 Kf6 0-1

[Event "December 19 Early 2023"]
[Site "https://www.chess.com"]
[Date "2023.12.19"]
[Round "4"]
[White "Rodriguez Fontecha, Marcos"]
[Black "Gabrielian, Artur"]
[Result "0-1"]
[Board "66"]
[TimeControl "180+1"]
[WhiteFideId "2256576"]
[BlackFideId "4131002"]
[WhiteElo "2249"]
[BlackElo "2441"]
[WhiteTeam "ESP"]
[BlackTeam "RUS"]
[WhiteClock "0:00:29"]
[BlackClock "0:01:12"]

1. d4 Nf6 2. Nf3 g6 3. Bg5 Bg7 4. c3 O-O 5. Nbd2 d6 6. e4 c5 7. dxc5 dxc5 8. Bc4 Nc6 9. O-O h6 10. Bh4 Nh5 11. Qe2 Qc7 12. Qe3 b6 13. Rfe1 Bb7 14. Rad1 g5 15. Bxg5 hxg5 16. Qxg5 Nf4 17. e5 Ne6 18. Qh5 Rad8 19. Re4 Nxe5 20. Nxe5 Bxe4 21. Nxf7 Rxf7 22. Bxe6 Qf4 23. f3 Bc2 24. Re1 Rxd2 25. g3 Qf6 0-1

[Event "December 19 Early 2023"]
[Site "https://www.chess.com"]
[Date "2023.12.19"]
[Round "4"]
[White "Chan, Yi Ren Daniel"]
[Black "Toman, Ondrej"]
[Result "1-0"]
[Board "67"]
[TimeControl "180+1"]
[WhiteFideId "5801583"]
[BlackFideId "344516"]
[WhiteElo "2375"]
[BlackElo "2157"]
[WhiteTeam "SGP"]
[BlackTeam "CZE"]
[WhiteClock "0:00:15"]
[BlackClock "0:00:20"]

1. e4 c6 2. d4 d5 3. exd5 cxd5 4. Bd3 Nc6 5. c3 g6 6. Bf4 Nh6 7. Nf3 Bf5 8. O-O Bxd3 9. Qxd3 Nf5 10. Re1 Bg7 11. Nbd2 O-O 12. Ne5 f6 13. Nxc6 bxc6 14. Qe2 Qd7 15. Qe6+ Qxe6 16. Rxe6 Rac8 17. Rae1 Rfe8 18. Nb3 Kf7 19. Nc5 Bf8 20. R6e2 e5 21. Be3 Bxc5 22. dxc5 Ng7 23. b4 Rb8 24. f4 e4 25. g4 f5 26. h3 Ne6 27. Kg2 Rb7 28. Kg3 Reb8 29. Rd1 a5 30. a3 Ra8 31. Rb2 axb4 32. axb4 Ra3 33. Rc2 Rxb4 34. cxb4 Rxe3+ 35. Kh4 Nxf4 36. gxf5 gxf5 37. Kg5 Ne6+ 38. Kxf5 Nd4+ 39. Rxd4 Rb3 40. Ra2 Rxb4 41. Rxb4 1-0

[Event "December 19 Early 2023"]
[Site "https://www.chess.com"]
[Date "2023.12.19"]
[Round "4"]
[White "Schmakel, Sam"]
[Black "Han, Yichen"]
[Result "0-1"]
[Board "68"]
[TimeControl "180+1"]
[WhiteFideId "2039311"]
[BlackFideId "1054430"]
[WhiteElo "2356"]
[BlackElo "2305"]
[WhiteTeam "USA"]
[BlackTeam "NED"]
[WhiteClock "0:00:00"]
[BlackClock "0:00:01"]

1. e4 c5 2. Nc3 Nc6 3. f4 g6 4. Nf3 Bg7 5. Bc4 e6 6. d3 Nge7 7. O-O d5 8. Bb5 O-O 9. Bxc6 Nxc6 10. Qe1 Nd4 11. Qf2 b5 12. exd5 exd5 13. Be3 Nxf3+ 14. Qxf3 b4 15. Qxd5 Be6 16. Qxd8 Rfxd8 17. Ne4 c4 18. Nc5 cxd3 19. Nxd3 Bc4 20. Rad1 Bxd3 21. cxd3 Bxb2 22. d4 Rd5 23. Rd2 Bc3 24. Rd3 Rad8 25. Rfd1 Kg7 26. Kf2 Kf6 27. Kf3 Ke6 28. g4 Ra5 29. Bd2 Ra3 30. Bxc3 Rxc3 31. Rxc3 bxc3 32. Ke4 Rb8 33. Rc1 Rb2 34. Rxc3 Re2+ 35. Kd3 Rxh2 36. Rc6+ Kd5 37. Rc5+ Kd6 38. Ra5 Rh4 0-1

[Event "December 19 Early 2023"]
[Site "https://www.chess.com"]
[Date "2023.12.19"]
[Round "4"]
[White "Skvortsov, Andrei"]
[Black "Ismagilov, Damir"]
[Result "1-0"]
[Board "69"]
[TimeControl "180+1"]
[WhiteFideId "24108600"]
[BlackFideId "34199982"]
[WhiteElo "2338"]
[BlackElo "2131"]
[WhiteTeam "MNE"]
[BlackTeam "RUS"]
[WhiteClock "0:01:51"]
[BlackClock "0:00:00"]

1. e4 c5 2. d4 cxd4 3. Qxd4 Nc6 4. Qd3 Nf6 5. Nc3 g6 6. Nf3 d6 7. Be2 Bg7 8. O-O O-O 9. Nd5 Nd7 10. c3 Nc5 11. Qc2 a5 12. Bg5 Be6 13. Bb5 Re8 14. a4 Bd7 15. Rad1 Rc8 16. Qb1 Bg4 17. Rfe1 Ne6 18. Be3 Bxf3 19. gxf3 Ra8 20. Kh1 Qb8 21. Bb6 Bf8 22. Rg1 Rc8 23. f4 Nc5 24. f3 Nd7 25. Be3 e6 26. Nb6 Nxb6 27. Bxb6 d5 28. exd5 exd5 29. f5 Qf4 30. Rg3 Ne7 31. Bd3 Bg7 32. Rdg1 Rc6 33. fxg6 hxg6 34. Bf2 Be5 35. Bb5 Rf6 36. Qd3 Kg7 37. Rh3 Rh8 38. Rxh8 Kxh8 39. Bg3 Qg5 40. Qe2 Bxg3 41. Qxe7 Qh4 42. Rxg3 1-0

[Event "December 19 Early 2023"]
[Site "https://www.chess.com"]
[Date "2023.12.19"]
[Round "4"]
[White "Javakhadze, Zurab"]
[Black "Deng, Henry"]
[Result "1-0"]
[Board "70"]
[TimeControl "180+1"]
[WhiteFideId "13603647"]
[BlackFideId "30965454"]
[WhiteElo "2374"]
[BlackElo "2566"]
[WhiteTeam "GEO"]
[BlackTeam "USA"]
[WhiteClock "0:01:14"]
[BlackClock "0:00:39"]

1. Nf3 d5 2. g3 Nf6 3. Bg2 c5 4. O-O Nc6 5. d4 e6 6. c4 dxc4 7. Ne5 Bd7 8. Na3 cxd4 9. Naxc4 Be7 10. Qb3 Rb8 11. Bf4 Rc8 12. Qxb7 Nxe5 13. Nxe5 O-O 14. Qxa7 Bc5 15. Qa6 Qe8 16. Nxd7 Qxd7 17. Rfd1 Nd5 18. Be5 Nb4 19. Qb7 Qxb7 20. Bxb7 Rcd8 21. a3 Nd5 22. Bxd4 Bxd4 23. Rxd4 Nb6 24. Rxd8 Rxd8 25. a4 Nc4 26. a5 g5 27. a6 Nd6 28. Bc6 Nc8 29. a7 Nxa7 30. Rxa7 Rd1+ 31. Kg2 Rd2 32. Be8 f5 33. Bf7+ Kg7 34. Bxe6+ Kf6 35. Bc4 Rxb2 36. Ra6+ Ke5 37. e3 h5 38. Re6# 1-0

[Event "December 19 Early 2023"]
[Site "https://www.chess.com"]
[Date "2023.12.19"]
[Round "4"]
[White "Weetik, Vjacheslav"]
[Black "Koutlas, Nikolaos"]
[Result "1-0"]
[Board "71"]
[TimeControl "180+1"]
[WhiteFideId "4153472"]
[BlackFideId "25827138"]
[WhiteElo "2469"]
[BlackElo "2215"]
[WhiteTeam "RUS"]
[BlackTeam "GRE"]
[WhiteClock "0:00:10"]
[BlackClock "0:01:13"]

1. e4 c5 2. Nf3 Nc6 3. Bb5 h6 4. c3 g5 5. h3 Bg7 6. d4 cxd4 7. cxd4 d5 8. exd5 Qxd5 9. Nc3 Qe6+ 10. Be3 Qf5 11. d5 a6 12. dxc6 axb5 13. Nd5 Be5 14. Nb6 Rb8 15. O-O Nf6 16. Nxe5 Qxe5 17. Bd4 Qc7 18. Bxf6 exf6 19. Nd5 Qxc6 20. Rc1 Qd6 21. Nc7+ Kd7 22. Qb3 Ke7 23. Rfd1 Qf4 24. Nd5+ Kf8 25. Nxf4 gxf4 1-0

[Event "December 19 Early 2023"]
[Site "https://www.chess.com"]
[Date "2023.12.19"]
[Round "4"]
[White "Martinez Ramirez, Lennis"]
[Black "Shaik Sumer Arsh"]
[Result "1-0"]
[Board "72"]
[TimeControl "180+1"]
[WhiteFideId "3509079"]
[BlackFideId "45020000"]
[WhiteElo "2405"]
[BlackElo "2358"]
[WhiteTeam "CUB"]
[BlackTeam "IND"]
[WhiteClock "0:01:35"]
[BlackClock "0:02:20"]

1. Nf3 d5 2. d4 Nf6 3. Bf4 e6 4. e3 c5 5. Nbd2 Nc6 6. c3 Nh5 7. Be5 f6 8. Nh4 g6 9. Bg3 Bd6 10. Be2 Nxg3 11. hxg3 Kf7 12. a3 b6 13. b4 Bb7 14. bxc5 bxc5 15. Rb1 Rb8 16. Qa4 Qa5 17. Rxb7+ Rxb7 18. Qxc6 Rb6 19. Qd7+ Be7 20. Nxg6 Qxc3 21. Qxe7+ Kxg6 22. Bh5+ Kf5 23. g4+ Kg5 24. Qg7# 1-0

[Event "December 19 Early 2023"]
[Site "https://www.chess.com"]
[Date "2023.12.19"]
[Round "4"]
[White "Tifferet, Shakked"]
[Black "Starozhilov, Leonid"]
[Result "0-1"]
[Board "73"]
[TimeControl "180+1"]
[WhiteFideId "2811529"]
[BlackFideId "14106752"]
[WhiteElo "2142"]
[BlackElo "2246"]
[WhiteTeam "ISR"]
[BlackTeam "UKR"]
[WhiteClock "0:00:01"]
[BlackClock "0:00:47"]

1. e4 c5 2. Nf3 e6 3. b3 b6 4. Bb2 Bb7 5. Bd3 d6 6. O-O Nd7 7. Re1 Ngf6 8. Nc3 Be7 9. a4 a6 10. e5 Bxf3 11. Qxf3 Nxe5 12. Rxe5 dxe5 13. Ne4 Nxe4 14. Qxe4 Bf6 15. Qc6+ Kf8 16. a5 bxa5 17. Qxc5+ Kg8 18. Rxa5 Rc8 19. Qb4 Rb8 20. Qa4 e4 21. Bxf6 gxf6 22. Bxe4 Qxd2 23. Qa1 Kg7 24. h4 Rhd8 25. Rg5+ Kf8 26. Qxf6 Qd1+ 27. Kh2 Qd4 28. Qf3 Ke7 29. Bxh7 Qxh4+ 30. Qh3 Qxg5 31. Be4 Rh8 32. Bh7 Rxh7 33. Qxh7 Qe5+ 34. Kg1 Rh8 35. Qxh8 Qxh8 0-1

[Event "December 19 Early 2023"]
[Site "https://www.chess.com"]
[Date "2023.12.19"]
[Round "4"]
[White "Farahat, Ali"]
[Black "Halkias, Stelios"]
[Result "1-0"]
[Board "74"]
[TimeControl "180+1"]
[WhiteFideId "10600507"]
[BlackFideId "4201809"]
[WhiteElo "2254"]
[BlackElo "2462"]
[WhiteTeam "USA"]
[BlackTeam "GRE"]
[WhiteClock "0:01:31"]
[BlackClock "0:00:54"]

1. d4 Nf6 2. Nf3 e6 3. e3 d5 4. Bd3 c5 5. b3 Nc6 6. O-O Bd6 7. dxc5 Bxc5 8. a3 O-O 9. Bb2 Re8 10. b4 Bd6 11. c4 dxc4 12. Bxc4 Qc7 13. Nbd2 Ne5 14. Bxe5 Bxe5 15. Rc1 Bb2 16. Rc2 Bxa3 17. Bb5 Qe7 18. Bxe8 Nxe8 19. Qb1 Bxb4 20. Rfc1 Bd7 21. Ne5 a5 22. Ndc4 Ba4 23. Ra2 Bb5 24. Nxa5 Nf6 25. Nac6 1-0

[Event "December 19 Early 2023"]
[Site "https://www.chess.com"]
[Date "2023.12.19"]
[Round "4"]
[White "Kashefi, Amir Hosein"]
[Black "Pakleza, Zbigniew"]
[Result "0-1"]
[Board "75"]
[TimeControl "180+1"]
[WhiteFideId "12557935"]
[BlackFideId "1119290"]
[WhiteElo "2109"]
[BlackElo "2410"]
[WhiteTeam "IRI"]
[BlackTeam "POL"]
[WhiteClock "0:00:00"]
[BlackClock "0:00:05"]

1. Nf3 d5 2. g3 Nf6 3. Bg2 Bf5 4. O-O e6 5. d3 Be7 6. Nc3 h6 7. Nd2 O-O 8. e4 Bh7 9. Qe2 c6 10. f4 b5 11. h3 b4 12. Nd1 a5 13. Nf2 c5 14. Nf3 Nc6 15. Ne5 Nd4 16. Qd1 Qb6 17. c3 Nc6 18. Be3 Rfd8 19. Qe2 dxe4 20. dxe4 Nxe5 21. fxe5 Nd7 22. Ng4 Bf8 23. Rad1 h5 24. Nh2 Bg6 25. Bg5 Nxe5 26. Bxd8 Rxd8 27. Rxd8 Qxd8 28. Nf3 Nxf3+ 29. Bxf3 Qg5 30. Qg2 Bd6 31. h4 Qxg3 32. Qxg3 Bxg3 33. Kg2 Bxh4 34. Rh1 Bf6 35. cxb4 cxb4 36. b3 h4 37. Rd1 Kh7 38. Rd7 Kh6 39. Ra7 Kg5 40. Rxa5+ Kf4 41. Rb5 h3+ 42. Kxh3 Kxf3 43. Rxb4 Bxe4 44. a4 g5 45. Kh2 Be5+ 0-1

[Event "December 19 Early 2023"]
[Site "https://www.chess.com"]
[Date "2023.12.19"]
[Round "4"]
[White "Tulchynskyi, Feliks"]
[Black "Srihari L R"]
[Result "0-1"]
[Board "76"]
[TimeControl "180+1"]
[WhiteFideId "34127895"]
[BlackFideId "46617116"]
[WhiteElo "2131"]
[BlackElo "2338"]
[WhiteTeam "UKR"]
[BlackTeam "IND"]
[WhiteClock "0:00:01"]
[BlackClock "0:00:34"]

1. c4 e5 2. Nc3 d6 3. g3 f5 4. Bg2 Nf6 5. e3 Be7 6. Nge2 c6 7. d3 O-O 8. O-O Be6 9. b3 a5 10. Bb2 Nbd7 11. f4 Ng4 12. Qd2 Qb6 13. d4 e4 14. Ba3 Ngf6 15. Rfd1 Rfe8 16. Rac1 d5 17. Bxe7 Rxe7 18. cxd5 Nxd5 19. Nxd5 Bxd5 20. Nc3 Nf6 21. Bf1 h6 22. Bc4 Rd8 23. Qe2 Kh7 24. Bxd5 Nxd5 25. Nxd5 Rxd5 26. Rc4 Red7 27. Rdc1 Qd8 28. Rc5 g5 29. Rxd5 Rxd5 30. fxg5 hxg5 31. Qh5+ Kg7 32. Rf1 Qf6 33. h4 Qg6 34. Qxg5 Qxg5 35. hxg5 Kg6 36. Kg2 c5 37. dxc5 Rxc5 38. Rd1 Rc2+ 39. Kh3 Rxa2 40. g4 Re2 41. gxf5+ Kxg5 42. Rd5 Rxe3+ 43. Kg2 Rxb3 44. Rxa5 b5 45. Ra8 Kxf5 46. Kf2 Ke5 47. Ke2 Kd4 48. Rd8+ Kc5 49. Re8 e3 50. Re4 Rc3 51. Rh4 b4 52. Rh8 Kc4 53. Rh1 Kb3 54. Rb1+ Ka3 55. Ra1+ Kb2 56. Ra8 b3 57. Ra7 Kc2 0-1

[Event "December 19 Early 2023"]
[Site "https://www.chess.com"]
[Date "2023.12.19"]
[Round "4"]
[White "Gong, Qianyun"]
[Black "Onyshchuk, Volodymyr"]
[Result "1-0"]
[Board "77"]
[TimeControl "180+1"]
[WhiteFideId "8602425"]
[BlackFideId "14114038"]
[WhiteElo "2157"]
[BlackElo "2643"]
[WhiteTeam "SGP"]
[BlackTeam "UKR"]
[WhiteClock "0:00:27"]
[BlackClock "0:00:00"]

1. e4 d6 2. Nc3 Nf6 3. f4 g6 4. Nf3 Bg7 5. Bc4 O-O 6. d3 c6 7. Bb3 d5 8. e5 Nh5 9. O-O f6 10. d4 Na6 11. Ne2 Nc7 12. h3 fxe5 13. fxe5 Ne6 14. g3 Bd7 15. Kh2 Qc7 16. c3 Rf7 17. Be3 Raf8 18. Neg1 Qb6 19. Qe2 a5 20. Rab1 Qc7 21. c4 a4 22. Bxa4 dxc4 23. Bc2 b5 24. b3 c3 25. b4 Nd8 26. Bb3 Be6 27. Ng5 Bxb3 28. axb3 Rxf1 29. Rxf1 Rxf1 30. Qxf1 Qa7 31. Qd3 Qa2+ 32. Ne2 Qxb3 33. g4 Qd5 34. gxh5 Bxe5+ 35. Kg1 1-0

[Event "December 19 Early 2023"]
[Site "https://www.chess.com"]
[Date "2023.12.19"]
[Round "4"]
[White "Liyanage, Ranindu Dilshan"]
[Black "Shuvalov, Evgenij"]
[Result "1-0"]
[Board "78"]
[TimeControl "180+1"]
[WhiteFideId "9915834"]
[BlackFideId "4187237"]
[WhiteElo "2198"]
[BlackElo "2084"]
[WhiteTeam "SRI"]
[BlackTeam "FID"]
[WhiteClock "0:00:11"]
[BlackClock "0:00:00"]

1. Nf3 Nf6 2. c4 g6 3. g3 c6 4. Bg2 d5 5. O-O Bg7 6. cxd5 cxd5 7. d4 O-O 8. Nc3 Bf5 9. Qb3 Nc6 10. Qxb7 Na5 11. Qb5 Rb8 12. Qa4 Ne4 13. Ne5 Nxc3 14. bxc3 Qc7 15. Bf4 g5 16. Bxg5 f6 17. Bxd5+ e6 18. Bg2 fxg5 19. Nd7 Bc2 20. Qxc2 Qxd7 21. Rab1 Nc4 22. Qd3 Qc7 23. Bh3 Qc6 24. e4 Kh8 25. d5 exd5 26. exd5 Qc5 27. Rxb8 Rxb8 28. Bg2 Rb2 29. Qe4 Nd6 30. Qe6 h6 31. h3 Qc7 32. c4 Nxc4 33. Rc1 Qb6 34. Qe8+ Kh7 35. Qe4+ Kh8 36. Rxc4 Qxf2+ 37. Kh2 1-0

[Event "December 19 Early 2023"]
[Site "https://www.chess.com"]
[Date "2023.12.19"]
[Round "4"]
[White "Harshavardhan G B"]
[Black "Vakhidov, Shahzod"]
[Result "1-0"]
[Board "79"]
[TimeControl "180+1"]
[WhiteFideId "25059009"]
[BlackFideId "14205270"]
[WhiteElo "2290"]
[BlackElo "2212"]
[WhiteTeam "IND"]
[BlackTeam "UZB"]
[WhiteClock "0:00:42"]
[BlackClock "0:00:11"]

1. d4 Nf6 2. c4 c5 3. d5 b5 4. Qc2 bxc4 5. e4 e6 6. Bxc4 exd5 7. exd5 d6 8. Ne2 Be7 9. O-O O-O 10. Nbc3 Nbd7 11. Ng3 Nb6 12. b3 Nxc4 13. bxc4 Nd7 14. a4 Ne5 15. Nb5 a6 16. Na3 Bf6 17. Bb2 Rb8 18. Rab1 Bd7 19. Bc3 Qe8 20. a5 Rxb1 21. Rxb1 Ng4 22. h3 Bxc3 23. Qxc3 Ne5 24. f4 Ng6 25. f5 Ne5 26. f6 g6 27. Qd2 Qd8 28. Rf1 Kh8 29. Qh6 Rg8 30. Ne4 Qf8 31. Qxf8 Rxf8 32. Nxd6 Rb8 33. Re1 Nd3 34. Re7 Ba4 35. Nxf7+ Kg8 36. Nh6+ 1-0

[Event "December 19 Early 2023"]
[Site "https://www.chess.com"]
[Date "2023.12.19"]
[Round "4"]
[White "Teterev, Vitaly"]
[Black "Yaran, Siar"]
[Result "1/2-1/2"]
[Board "80"]
[TimeControl "180+1"]
[WhiteFideId "13501429"]
[BlackFideId "6323006"]
[WhiteElo "2299"]
[BlackElo "2191"]
[WhiteTeam "BLR"]
[BlackTeam "TUR"]
[WhiteClock "0:00:27"]
[BlackClock "0:00:15"]

1. e4 e5 2. Nf3 Nc6 3. Bb5 a6 4. Bxc6 dxc6 5. O-O f6 6. d4 exd4 7. Nxd4 c5 8. Nb3 Qxd1 9. Rxd1 Bg4 10. f3 Be6 11. Bf4 c4 12. Nd4 O-O-O 13. Nc3 Bc5 14. Be3 Bf7 15. Kf2 Ne7 16. Nf5 Nxf5 17. Bxc5 Nh6 18. g4 Rhe8 19. h4 Ng8 20. h5 b6 21. Be3 Ne7 22. h6 Rxd1 23. Rxd1 g6 24. Bd4 f5 25. exf5 gxf5 26. g5 Ng6 27. Bf6 Nf4 28. Rd4 Ne6 29. Rd5 Bg6 30. Ne2 f4 31. c3 Bd3 32. Re5 Kd7 33. Nd4 Nxd4 34. Rxe8 Kxe8 35. Bxd4 Kd7 36. Be5 c5 37. Bxf4 Ke6 38. Bc7 b5 39. Ke3 Kd5 40. Kf4 Bg6 41. a3 Bb1 42. Bd8 Bg6 43. Bb6 Bb1 44. Kg4 Bg6 45. f4 Ke4 46. Bxc5 a5 47. a4 bxa4 48. Bd6 Bf5+ 49. Kg3 Ke3 50. Bc5+ Ke4 51. Bf8 Ke3 52. Bd6 Ke4 53. Kf2 Bg6 54. Ke2 Bf5 55. Kd2 Bg6 56. Kc1 Ke3 57. Bc7 Ke2 58. Bxa5 Bf5 59. Bc7 Bg6 60. Bd6 Bf5 61. Be5 Bg6 62. Bd6 Bf5 63. Be5 Bg6 64. Bd6 1/2-1/2

[Event "December 19 Early 2023"]
[Site "https://www.chess.com"]
[Date "2023.12.19"]
[Round "4"]
[White "Maatman, Nick"]
[Black "Smolka, Marcin"]
[Result "0-1"]
[Board "81"]
[TimeControl "180+1"]
[WhiteFideId "1040391"]
[BlackFideId "1139681"]
[WhiteElo "2707"]
[BlackElo "2117"]
[WhiteTeam "NED"]
[BlackTeam "POL"]
[WhiteClock "0:01:29"]
[BlackClock "0:00:55"]

1. d4 d5 2. Nf3 Nf6 3. Bf4 c5 4. e3 Nc6 5. Nbd2 Qb6 6. dxc5 Qxb2 7. c4 e5 8. Rb1 Qc3 9. Rc1 Qa5 10. Nxe5 Bxc5 11. cxd5 Nxd5 12. Nxc6 bxc6 13. Qc2 Bb4 14. Qxc6+ Bd7 15. Qxa8+ Ke7 16. Qxh8 Bxd2+ 17. Ke2 Nxf4+ 18. exf4 Bxc1 19. Qxg7 Qd2+ 20. Kf3 Qxf4+ 21. Ke2 Bb5+ 0-1

[Event "December 19 Early 2023"]
[Site "https://www.chess.com"]
[Date "2023.12.19"]
[Round "4"]
[White "Estrada Nieto, Julian"]
[Black "Rostomyan, Mikayel"]
[Result "1-0"]
[Board "82"]
[TimeControl "180+1"]
[WhiteFideId "5101018"]
[BlackFideId "13313754"]
[WhiteElo "2161"]
[BlackElo "2059"]
[WhiteTeam "ESP"]
[BlackTeam "ARM"]
[WhiteClock "0:00:12"]
[BlackClock "0:00:07"]

1. e4 c5 2. Nf3 Nc6 3. Bb5 g6 4. Bxc6 bxc6 5. O-O Bg7 6. Re1 Qc7 7. c3 d6 8. d4 cxd4 9. cxd4 Nf6 10. Nc3 O-O 11. h3 c5 12. Bg5 cxd4 13. Bxf6 Bxf6 14. Nd5 Qd8 15. Nxf6+ exf6 16. Qxd4 Bb7 17. Rad1 Re8 18. Qxd6 Qa5 19. Qxf6 Qxa2 20. Rd7 Bxe4 21. Ne5 Bd5 22. Re3 Be6 23. Rb7 Qd5 24. Rc7 Rec8 25. Re7 Re8 26. Ng4 Qh5 27. R3xe6 Rxe7 28. Rxe7 Rf8 29. Qd4 Qh4 30. Nf6+ Kg7 31. Nd7+ Kh6 32. Qe3+ Kg7 33. Nxf8 Kxf8 34. Re8+ Kg7 35. Qe5+ Kh6 36. Qe3+ Kg7 37. Re4 Qh5 38. Qd4+ Kf8 39. Qd6+ Kg7 40. Qe5+ 1-0